Map: Data-C

Players

Quaz

  • Race: Zerg Zerg
  • Spawn Location: 9:00

Zain - Winner!

  • Race: Protoss Protoss
  • Spawn Location: 3:00

Event: DreamHack SC2 Masters 2022 Atlanta (Offline)

VOD

Have the link to the VOD?

Description

Time

  • Played on: Nov. 18, 2022, 11:16 a.m.
  • Length: 8:09

All games in this series

Show
View Real Time Build Order
Export as new Build Order

Quaz Zerg 

Build Orders: Hatch First 

Get SALT Encoding   

  12  0:00  Drone  
  13  0:12  Overlord  
  13  0:17  Drone  
  14  0:30  Drone x2  
  16  0:49  Hatchery  
  15  0:52  Drone  
  16  0:57  Extractor  
  16  0:59  Drone  
  16  1:04  Drone  
  17  1:17  Spawning Pool  
  17  1:18  Drone  
  17  1:22  Drone  
  18  1:33  Drone  
  19  1:51  Overlord  
  19  1:52  Drone  
  20  2:06  Zergling x2  
  20  2:08  Queen x2  
  23  2:09  Drone  
  26  2:25  Roach Warren  
  26  2:26  Drone x3  
  26  2:28  Drone  
  29  2:32  Drone  
  30  2:39  Drone  
  31  2:44  Burrow  
  31  2:49  Zergling x4  
  32  2:55  Zergling x2  
  33  3:01  Overlord  
  33  3:09  Overlord  
  30  3:27  Roach  
  30  3:28  Roach x6  
  38  3:43  Roach  
  38  3:44  Roach  
  39  3:53  Drone x2  
  41  4:16  Drone x4  
  45  4:24  Queen, Roach x6  
  45  4:25  Drone  
  48  4:32  Hatchery  
  48  4:35  Roach x2  
  45  4:42  Drone x5  
  42  4:54  Overlord  
  42  4:55  Drone x2, Roach  
  42  5:10  Drone  
  42  5:11  Drone x5  
  46  5:29  Drone x3  
  46  5:30  Drone  
  50  5:37  Drone  
  50  5:38  Drone  
  50  5:40  Queen x2  
  56  5:48  Spore Crawler  
  52  5:55  Spore Crawler  
  44  6:02  Drone x3  
  44  6:03  Drone x4  
  51  6:11  Drone x2  
  51  6:17  Spore Crawler  
  51  6:25  Zergling x12  
  57  6:36  Overlord x2  
  56  6:55  Drone x6  
  56  6:56  Zergling x18  
  71  7:14  Hatchery  
  69  7:32  Overlord  
  69  7:34  Overlord x2  
  69  7:47  Extractor x2  
  65  7:54  Drone  
Show
View Real Time Build Order
Export as new Build Order

Zain Protoss - Winner!

Build Orders: 1 Gate Expand, Oracle Opening 

Get SALT Encoding   

  12  0:00  Probe  
  13  0:12  Probe  
  14  0:19  Pylon  
  14  0:24  Probe (Chrono Boost)  
  15  0:37  Probe (Chrono Boost)  
  15  0:38  Gateway  
  16  0:45  Probe (Chrono Boost)  
  16  0:47  Assimilator  
  17  0:52  Probe  
  18  1:04  Probe  
  19  1:16  Probe  
  20  1:23  Nexus  
  20  1:33  Cybernetics Core  
  20  1:36  Probe  
  21  1:44  Assimilator  
  21  1:50  Pylon  
  21  1:51  Probe  
  22  2:03  Probe  
  22  2:07  Adept (Chrono Boost)  
  26  2:15  Probe  
  26  2:21  Stargate  
  26  2:27  Adept (Chrono Boost)  
  26  2:29  Probe (Chrono Boost)  
  29  2:36  Warp Gate, Probe (Chrono Boost)  
  31  2:45  Probe (Chrono Boost)  
  31  2:46  Probe (Chrono Boost)  
  31  2:51  Probe (Chrono Boost)  
  32  2:52  Probe, Stalker  
  36  3:03  Probe  
  36  3:04  Probe  
  38  3:11  Oracle (Chrono Boost), Pylon  
  38  3:15  Probe  
  38  3:17  Probe  
  43  3:26  Adept  
  45  3:27  Probe  
  45  3:29  Probe  
  49  3:49  Probe  
  49  3:51  Void Ray (Chrono Boost)  
  49  3:53  Gateway  
  49  3:54  Shield Battery x2  
  50  3:56  Pylon  
  50  4:00  Probe  
  50  4:01  Probe  
  52  4:05  Gateway  
  52  4:07  Gateway  
  52  4:08  Shield Battery  
  52  4:15  Gateway  
  52  4:17  Gateway  
  52  4:20  Probe  
  52  4:21  Probe  
  54  4:33  Probe x2  
  54  4:35  Assimilator  
  56  4:39  Assimilator  
  56  4:44  Oracle  
  59  4:49  Probe  
  60  4:54  Stalker  
  62  5:02  Robotics Facility  
  62  5:09  Pylon  
  62  5:15  Nexus  
  62  5:19  Twilight Council  
  62  5:27  Probe x2  
  64  5:29  Shield Battery  
  64  5:32  Sentry, Stalker x2  
  64  5:34  Forge  
  70  5:43  Pylon  
  70  5:45  Pylon  
  70  6:01  Probe x2  
  70  6:02  Stalker x3, Pylon  
  70  6:03  Stalker  
  80  6:05  Protoss Ground Weapons Level 1 (Chrono Boost), Blink (Chrono Boost)  
  80  6:09  Observer (Chrono Boost)  
  81  6:13  Probe x2  
  81  6:17  Gateway  
  83  6:19  Gateway  
  83  6:25  Probe x2  
  85  6:27  Stalker  
  85  6:31  Probe  
  88  6:37  Probe x2  
  90  6:43  Probe  
  91  6:49  Probe  
  91  6:51  Stalker x4  
  91  6:53  Probe  
  101  6:55  Probe  
  101  7:00  Pylon  
  102  7:01  Probe  
  103  7:17  Stalker x3  
  103  7:19  Nexus  
  103  7:20  Stalker  
  103  7:22  Probe x3  
  114  7:23  Pylon  
  114  7:25  Pylon  
  114  7:39  Stalker  
  114  7:41  Stalker x3  
  114  7:42  Stalker  
  124  7:45  Probe x2  
  126  8:08  Stalker x3  
Tags
 
Add a new tag
Caveats
  • Supply blocks, unpowered buildings, or Contaminate may cause inaccurate times.
  • Supply counts are checked every 10 seconds.